Map: Blackpink LE

Players

Maplez - Winner!

  • Race: Protoss Protoss
  • League: Grandmaster
  • Spawn Location: 7:00

starkiller

  • Race: Zerg Zerg
  • League: Master
  • Spawn Location: 1:00

VOD

Have the link to the VOD?

Description

Time

  • Played on: April 14, 2018, 2:50 p.m.
  • Length: 17:43
Show
View Real Time Build Order
Export as new Build Order

Maplez Protoss - Winner!

Build Orders: 1 Gate Expand, Oracle Opening, Phoenix Opening 

Get SALT Encoding   

  12  0:01  Probe  
  13  0:13  Probe  
  14  0:18  Pylon  
  14  0:25  Probe (Chrono Boost)  
  15  0:38  Probe (Chrono Boost)  
  15  0:39  Gateway  
  16  0:45  Probe (Chrono Boost)  
  16  0:48  Assimilator  
  17  0:52  Probe  
  18  1:04  Probe  
  19  1:16  Probe  
  20  1:25  Nexus  
  20  1:28  Probe  
  21  1:38  Cybernetics Core  
  21  1:41  Probe  
  22  1:47  Assimilator  
  22  1:51  Pylon  
  22  1:54  Probe  
  23  2:09  Probe  
  23  2:12  Adept (Chrono Boost)  
  26  2:21  Probe  
  27  2:23  Stargate  
  27  2:31  Adept  
  28  2:37  Probe x2 (Chrono Boost)  
  31  2:47  Probe (Chrono Boost)  
  31  2:49  Probe (Chrono Boost)  
  33  2:52  Probe (Chrono Boost)  
  33  2:58  Probe  
  35  3:02  Adept  
  35  3:04  Probe  
  35  3:05  Oracle (Chrono Boost)  
  38  3:10  Probe  
  38  3:12  Pylon  
  42  3:16  Probe  
  42  3:18  Gateway  
  43  3:22  Probe  
  44  3:28  Probe  
  43  3:34  Probe  
  43  3:35  Adept  
  43  3:36  Phoenix (Chrono Boost)  
  46  3:42  Shield Battery  
  46  3:43  Assimilator  
  46  3:44  Pylon  
  46  3:47  Probe  
  47  3:54  Probe  
  47  3:55  Assimilator  
  48  3:58  Pylon  
  48  4:08  Probe  
  49  4:10  Pylon  
  47  4:17  Pylon x2  
  47  4:23  Pylon  
  47  4:25  Pylon  
  47  4:26  Sentry  
  47  4:29  Pylon  
  49  4:36  Twilight Council, Robotics Facility  
  49  4:43  Pylon  
  49  4:45  Probe  
  50  4:49  Gateway  
  50  4:52  Probe  
  51  4:56  Gateway  
  51  5:00  Gateway  
  51  5:01  Gateway, Oracle (Chrono Boost)  
  51  5:06  Probe  
  55  5:12  Charge  
  55  5:14  Templar Archives  
  55  5:25  Immortal (Chrono Boost)  
  59  5:39  Cybernetics Core  
  59  5:51  Nexus  
  59  5:53  Pylon  
  59  5:56  Warp Prism (Chrono Boost)  
  59  6:04  Probe  
  62  6:10  Probe  
  60  6:15  Zealot x3  
  60  6:17  Probe  
  71  6:18  Zealot x2  
  71  6:24  Shield Battery  
  71  6:25  Warp Gate (Chrono Boost), Pylon  
  71  6:28  Probe  
  72  6:33  Pylon  
  72  6:35  Forge  
  72  6:38  Probe  
  73  6:50  Immortal (Chrono Boost)  
  73  6:51  Probe  
  73  6:53  Psionic Storm  
  78  6:56  Zealot  
  78  6:57  Zealot  
  82  7:03  Probe x2  
  82  7:05  Probe  
  85  7:09  Protoss Ground Weapons Level 1 (Chrono Boost)  
  85  7:21  Probe  
  86  7:26  Immortal  
  90  7:31  Probe  
  90  7:32  Robotics Facility  
  90  7:36  Probe  
  92  7:41  Assimilator, High Templar  
  92  7:42  Probe, Assimilator, High Templar x2  
  99  7:48  Probe  
  100  7:52  Probe, Gateway  
  100  7:53  Gateway  
  100  7:54  Probe  
  100  7:56  Shield Battery  
  102  7:58  Gateway  
  102  8:00  Probe  
  102  8:04  Probe  
  104  8:13  Probe  
  104  8:16  Immortal (Chrono Boost)  
  109  8:24  High Templar x2  
  113  8:36  High Templar x2  
  113  8:37  Zealot  
  123  8:41  Immortal (Chrono Boost)  
  123  8:42  Archon  
  123  8:44  Nexus  
  123  8:45  Immortal (Chrono Boost), Pylon  
  123  8:48  Pylon  
  127  9:07  Zealot x6  
  139  9:10  Zealot x2  
  141  9:24  Immortal (Chrono Boost)  
  145  9:34  High Templar x2  
  145  9:35  High Templar x2  
  153  9:39  Archon x2  
  153  9:40  Zealot x2  
  153  9:43  Pylon x2  
  153  9:45  Pylon  
  157  9:47  Fleet Beacon  
  157  9:48  Photon Cannon  
  157  9:49  Photon Cannon  
  151  10:07  Zealot x8  
  119  10:31  Immortal x2  
  111  10:45  High Templar x5  
  111  10:47  Probe  
  111  10:49  Probe, Zealot  
  123  10:50  Zealot x2, Protoss Ground Weapons Level 2 (Chrono Boost)  
  123  10:52  Probe x2  
  123  10:54  Shield Battery  
  129  10:57  Assimilator  
  129  10:58  Assimilator  
  129  11:04  Archon  
  129  11:05  Archon  
  129  11:10  High Templar  
  125  11:11  High Templar  
  118  11:20  Zealot x6  
  137  11:40  Mothership (Chrono Boost)  
  137  11:46  Warp Prism (Chrono Boost), Pylon  
  137  11:47  Pylon  
  131  11:55  Zealot x8  
  147  12:13  Probe (Chrono Boost)  
  147  12:15  Probe x2 (Chrono Boost)  
  150  12:19  High Templar x4  
  150  12:21  Probe (Chrono Boost)  
  156  12:23  Archon x2  
  156  12:27  Zealot x3  
  156  12:28  Probe x2 (Chrono Boost), Zealot  
  159  12:39  Probe (Chrono Boost)  
  159  12:42  Probe x2 (Chrono Boost)  
  155  12:44  Immortal (Chrono Boost)  
  155  12:46  Probe (Chrono Boost)  
  156  12:51  Protoss Ground Weapons Level 3 (Chrono Boost)  
  156  12:56  Immortal (Chrono Boost)  
  156  12:58  Zealot x6  
  164  13:02  High Templar x2  
  172  13:21  Archon x2  
  172  13:24  Zealot x2  
  172  13:25  Zealot  
  126  13:31  Zealot x3  
  120  13:41  Immortal (Chrono Boost)  
  104  13:48  High Templar x3  
  104  13:49  High Templar x2  
  104  13:51  Immortal (Chrono Boost)  
  104  13:54  Zealot  
  104  13:55  Zealot x2  
  110  14:04  Immortal (Chrono Boost)  
  106  14:22  Zealot x3  
  106  14:23  Zealot x3  
  106  14:24  Immortal (Chrono Boost)  
  112  14:40  Immortal (Chrono Boost)  
  112  14:41  High Templar x2  
  120  14:46  Archon  
  120  14:47  High Templar x2  
  120  14:48  Sentry x2  
  128  14:54  Archon  
  128  14:55  Immortal  
  132  15:02  Zealot x2  
  130  15:36  High Templar x3  
  130  15:37  High Templar  
  130  15:39  Zealot  
  130  15:40  Zealot x3  
  130  15:41  Archon x2  
  82  16:21  Zealot x8  
  82  16:24  Immortal x2  
  106  16:36  Probe  
  105  16:42  Zealot x6  
  111  16:57  Zealot x2  
  113  17:06  Zealot x2  
  113  17:07  Zealot  
  97  17:19  High Templar x4  
  105  17:23  Archon  
  105  17:24  Archon  
  105  17:27  Zealot  
  107  17:34  Zealot  
Show
View Real Time Build Order
Export as new Build Order

starkiller Zerg 

Build Orders: Hatch First 

Get SALT Encoding   

  12  0:01  Drone  
  13  0:09  Drone  
  14  0:16  Drone, Extractor  
  15  0:22  Overlord  
  15  0:40  Drone x2  
  17  0:52  Hatchery  
  17  0:56  Drone  
  17  0:59  Drone  
  18  1:11  Extractor  
  18  1:15  Spawning Pool  
  18  1:18  Drone  
  17  1:31  Drone x2  
  19  1:40  Overlord  
  19  1:49  Drone  
  20  2:00  Drone  
  21  2:02  Queen  
  21  2:04  Queen  
  21  2:05  Zergling x2  
  26  2:10  Drone  
  26  2:14  Metabolic Boost  
  27  2:18  Drone  
  27  2:21  Drone  
  29  2:38  Hatchery  
  29  2:43  Drone  
  29  2:47  Baneling Nest  
  29  2:49  Zergling x2  
  29  2:51  Zergling x2  
  30  2:54  Zergling x2  
  30  2:56  Zergling x2  
  31  3:00  Zergling x2  
  31  3:04  Zergling x2  
  31  3:05  Zergling x2  
  34  3:11  Zergling x4  
  36  3:16  Overlord  
  35  3:35  Drone  
  35  3:39  Zergling x6  
  39  3:42  Zergling x2  
  39  3:44  Drone  
  39  3:45  Spore Crawler  
  39  3:47  Spore Crawler  
  39  3:48  Baneling x4  
  39  3:49  Baneling  
  39  3:51  Baneling  
  38  4:08  Drone x7  
  41  4:19  Drone, Overlord  
  41  4:27  Drone, Overlord  
  41  4:30  Overlord  
  41  4:31  Drone  
  38  4:41  Drone x4  
  38  4:43  Drone x2  
  43  4:45  Spore Crawler  
  42  4:57  Queen, Drone x3  
  42  4:59  Drone x2  
  48  5:02  Drone x2  
  48  5:03  Drone x2  
  48  5:06  Drone  
  53  5:08  Drone x2  
  53  5:10  Drone  
  53  5:14  Drone x2  
  57  5:18  Overlord  
  57  5:19  Overlord  
  58  5:24  Roach Warren  
  58  5:28  Drone  
  58  5:29  Evolution Chamber  
  58  5:30  Overlord  
  58  5:32  Overlord  
  57  5:36  Queen  
  57  5:38  Drone  
  57  5:39  Drone x2  
  62  5:43  Drone  
  62  5:44  Drone x2, Extractor  
  62  5:45  Drone  
  62  5:46  Drone, Extractor  
  62  5:48  Drone  
  66  5:50  Extractor  
  66  5:56  Zerg Missile Weapons Level 1  
  65  6:01  Hatchery  
  65  6:03  Drone x3  
  67  6:08  Drone x3  
  67  6:10  Roach  
  67  6:11  Roach x2  
  74  6:12  Roach  
  74  6:15  Zergling x4  
  74  6:17  Zergling x2  
  74  6:18  Zergling x4  
  81  6:29  Overlord  
  81  6:31  Overlord x2, Extractor  
  81  6:32  Drone x2  
  82  6:40  Lair  
  82  6:44  Overlord  
  82  6:49  Drone x2  
  82  6:50  Drone x3  
  82  6:51  Drone x3  
  82  6:52  Drone  
  82  6:54  Roach  
  93  6:56  Roach  
  93  6:57  Roach x2  
  93  7:00  Ravager x3  
  102  7:05  Ravager  
  102  7:06  Zergling x4  
  102  7:07  Zergling x8  
  109  7:13  Zergling x6  
  109  7:15  Spore Crawler  
  111  7:20  Zergling x6  
  111  7:22  Zergling x2  
  116  7:23  Ravager  
  116  7:24  Ravager  
  117  7:34  Queen, Spore Crawler  
  117  7:35  Overlord  
  117  7:36  Drone x2, Overlord  
  117  7:37  Overlord  
  120  7:38  Overlord  
  120  7:39  Centrifical Hooks  
  120  7:42  Overlord  
  120  7:49  Overlord  
  120  7:50  Overlord  
  120  7:51  Zerg Melee Weapons Level 1, Overlord  
  120  7:52  Overlord x2  
  120  7:55  Zergling x4  
  120  7:56  Zergling x2  
  120  7:58  Ravager x2  
  125  8:02  Roach  
  125  8:03  Roach x2  
  125  8:04  Zergling x4  
  133  8:10  Zergling x4  
  133  8:12  Zergling x8  
  139  8:16  Zergling x10  
  139  8:17  Zergling x2  
  139  8:18  Zergling x4  
  147  8:20  Zergling x2  
  147  8:23  Zergling x2  
  147  8:26  Pneumatized Carapace  
  149  8:27  Overseer  
  149  8:28  Zergling x4  
  149  8:30  Zergling x2  
  149  8:31  Zergling x2  
  153  8:37  Zergling x2  
  153  8:40  Zergling x6  
  157  8:44  Ravager  
  157  8:45  Ravager x2  
  157  8:48  Zergling x8  
  164  8:51  Zergling x4  
  164  8:52  Zergling x8  
  164  8:55  Hatchery, Zergling x2  
  166  9:04  Zergling x6  
  169  9:11  Zergling x10  
  169  9:13  Baneling x5  
  169  9:14  Baneling x20  
  169  9:15  Baneling  
  173  9:20  Zergling x2  
  173  9:21  Zergling x6  
  173  9:22  Zergling x6  
  177  9:26  Zergling x2  
  177  9:27  Zergling x2  
  177  9:28  Zergling x2  
  177  9:29  Zergling x2  
  177  9:30  Zergling x4  
  183  9:31  Zergling x2  
  183  9:32  Zergling x4  
  183  9:38  Zergling x2  
  186  9:45  Zergling x4  
  188  9:49  Overlord, Zergling x2  
  189  9:57  Zergling x6  
  173  10:09  Zergling x12  
  160  10:20  Zergling x14  
  127  10:25  Hatchery  
  127  10:26  Zergling x2  
  127  10:30  Zerg Ground Armor Level 1  
  127  10:32  Zergling x4  
  127  10:42  Overlord  
  127  10:46  Roach x5  
  127  10:48  Spawning Pool  
  127  10:49  Baneling  
  136  10:50  Baneling x7  
  136  10:51  Baneling x9  
  121  11:34  Hatchery  
  121  11:35  Zergling x12  
  121  11:36  Zergling x12  
  121  11:38  Zergling x4  
  134  11:43  Baneling x5  
  134  11:44  Ravager x2  
  136  11:49  Ravager x3  
  136  11:50  Zergling x6  
  142  11:56  Zergling x4  
  142  11:57  Zergling x2  
  142  11:58  Baneling x9  
  142  11:59  Zergling x2  
  142  12:01  Zergling x4  
  148  12:02  Zergling x4  
  148  12:03  Zergling x2  
  151  12:08  Baneling x3  
  151  12:09  Zergling x4  
  153  12:15  Zergling x2  
  153  12:19  Zergling x2  
  153  12:24  Zerg Melee Weapons Level 2  
  153  12:26  Zergling x2  
  153  12:27  Zergling x8  
  156  12:33  Zergling x2  
  156  12:34  Zergling x8  
  161  12:45  Zergling x4  
  161  12:47  Queen, Zergling x2  
  161  12:48  Zergling x2  
  167  12:56  Baneling  
  167  12:57  Baneling x14  
  167  12:58  Zergling x18  
  117  13:37  Zergling x2  
  117  13:38  Zergling x26  
  125  13:43  Zergling x2  
  123  13:49  Zergling x6  
  123  13:50  Queen  
  123  13:51  Zergling x2  
  127  14:00  Zergling x4  
  127  14:02  Zergling x2  
  125  14:11  Zergling x4  
  125  14:13  Baneling x6  
  125  14:14  Baneling x13, Zergling x2  
  128  14:20  Zergling x2  
  128  14:22  Hatchery  
  125  14:36  Zergling x12  
  129  14:39  Zergling x2  
  129  14:42  Drone  
  129  14:43  Drone  
  132  14:50  Baneling Nest  
  131  14:53  Drone x2  
  131  14:56  Drone  
  131  14:58  Drone  
  131  14:59  Drone  
  136  15:03  Drone  
  136  15:04  Drone  
  136  15:06  Drone x2  
  135  15:16  Zergling x2  
  135  15:17  Zergling x8  
  135  15:19  Zergling x4  
  135  15:20  Zergling x2  
  143  15:26  Roach  
  143  15:27  Roach x2  
  149  15:29  Queen  
  149  15:33  Baneling x4  
  149  15:35  Roach  
  153  15:38  Roach x2  
  150  15:52  Zergling x8  
  150  15:54  Zergling x2  
  150  15:55  Overseer x2  
  96  16:13  Zergling x10  
  96  16:14  Zergling x2  
  85  16:19  Zergling x4  
  85  16:21  Roach  
  80  16:29  Roach x2  
  80  16:32  Roach  
  82  16:43  Hatchery  
  82  16:44  Roach x3  
  82  16:46  Baneling  
  83  16:47  Baneling x7  
  76  16:55  Zergling x6  
  76  16:57  Queen x2  
  76  17:00  Zergling x2  
  70  17:03  Zergling x4  
  59  17:12  Roach x2  
  59  17:15  Baneling x2, Zergling x2  
  52  17:22  Ravager x2  
  51  17:23  Zergling x2  
  51  17:25  Zergling x2  
Tags
 
Add a new tag
Caveats
  • Supply blocks, unpowered buildings, or Contaminate may cause inaccurate times.
  • Supply counts are checked every 10 seconds.